 Dungeon Crawl Stone Soup version 0.23-a0-389-g4a5eb33 (webtiles) character file.

9248 Cryolive the Geomancer (level 11, -9/66 HPs)
             Began as a Gargoyle Earth Elementalist on Oct 29, 2018.
             Was a Believer of Vehumet.
             Mangled by Gastronok (25 damage)
             ... on level 11 of the Dungeon.
             The game lasted 00:31:51 (11508 turns).

Cryolive the Geomancer (GrEE)                      Turns: 11508, Time: 00:31:52

Health: -9/66      AC: 17    Str: 11    XL:     11   Next: 43%
Magic:  0/30       EV: 14    Int: 20    God:    Vehumet [**....]
Gold:   533        SH:  0    Dex: 13    Spells: 14/23 levels left

rFire    + . .     SeeInvis .   r - +0 morningstar
rCold    . . .     Gourm    .   (no shield)
rNeg     + . .     Faith    .   t - +2 robe {MR+}
rPois    ∞         Spirit   .   L - -1 helmet (curse)
rElec    +         Reflect  .   (no cloak)
rCorr    .         Harm     .   A - +2 pair of gloves {Dex+3}
MR       +....                  x - +0 pair of boots
Stlth    ++........             O - amulet of the acrobat
HPRegen  0.21/turn              y - ring of magical power
MPRegen  0.22/turn              I - ring of protection from fire

@: slowed, very slow
A: negative energy resistance 1, electricity resistance, unbreathing,
petrification resistance, rot immunity, AC +8
a: Renounce Religion


You were on level 11 of the Dungeon.
You worshipped Vehumet.
Vehumet was pleased with you.
You were hungry.

You visited 2 branches of the dungeon, and saw 12 of its levels.

You collected 533 gold pieces.

Inventory:

Hand Weapons
 r - a +0 morningstar (weapon)
 K - the +3 hand axe of Change {chop, rElec rPois MR+ Str+3}
   (You found it on level 7 of the Dungeon)

   It inflicts extra damage upon your enemies.
   It affects your strength (+3).
   It insulates you from electricity.
   It protects you from poison.
   It affects your resistance to hostile enchantments.
 N - a +0 quarterstaff
Missiles
 b - 264 stones (quivered)
 S - 6 curare-tipped needles
Armour
 t - a +2 robe of magic resistance (worn)
 u - a +2 helmet
 x - a +0 pair of boots (worn)
 A - a +2 pair of gloves of dexterity (worn)
 L - a cursed -1 helmet (worn)
 T - a +0 troll leather armour
Jewellery
 y - a ring of magical power (left hand)
 I - a ring of protection from fire (right hand)
 J - an uncursed ring of stealth
 O - an amulet of the acrobat (around neck)
 U - an uncursed ring of stealth
Wands
 c - a wand of polymorph (6)
 z - a wand of acid (6)
 P - a wand of paralysis (5)
 Q - a wand of random effects (12)
Scrolls
 e - 2 scrolls of random uselessness {unknown}
 i - 2 scrolls of identify
 j - 6 scrolls of remove curse
 m - 2 scrolls of immolation {unknown}
 p - 2 scrolls of teleportation {unknown}
 B - 2 scrolls of enchant weapon {unknown}
 C - a scroll of fear {unknown}
 D - a scroll of torment {unknown}
 F - 2 scrolls of enchant armour {unknown}
 H - 3 scrolls of amnesia
 M - 2 scrolls of magic mapping {unknown}
 R - a scroll of blinking {unknown}
Potions
 a - a potion of mutation {unknown}
 f - a potion of cancellation {unknown}
 g - 2 potions of degeneration
 h - a potion of resistance {unknown}
 k - 6 potions of might
 l - 2 potions of brilliance {unknown}
 n - 4 potions of lignification
 o - 4 potions of curing
 q - 4 potions of agility
 s - 4 potions of heal wounds
 w - 2 potions of berserk rage {unknown}
 E - 2 potions of invisibility {unknown}
 G - 2 potions of magic {unknown}
Comestibles
 d - 12 rations


   Skills:
 + Level 6.6 Fighting
 + Level 4.8 Staves
 - Level 6.0 Armour
 + Level 5.2 Dodging
 - Level 2.1 Stealth
 + Level 6.7 Spellcasting
 + Level 7.2 Conjurations
   Level 0.7 Transmutations
 + Level 9.3 Earth Magic
 + Level 5.1 Evocations


You had 14 spell levels left.
You knew the following spells:

 Your Spells              Type           Power        Failure   Level  Hunger
a - Sandblast             Erth           #####.       1%          1    None
b - Stone Arrow           Conj/Erth      #####.       1%          3    #......
c - Lee's Rapid Deconstr  Erth           #####.....   6%          5    #####..

Your spell library contained the following spells:

 Spells                   Type           Power        Failure   Level  Hunger
 Static Discharge         Conj/Air       ###.....     7%          3    #......
 Magic Dart               Conj           ####         1%          1    None
 Passwall                 Tmut/Erth      ####....     1%          2    None
 Searing Ray              Conj           #####.       1%          2    None
 Iskenderun's Mystic Bla  Conj           #####...     4%          4    ###....
 Dazzling Spray           Conj/Hex       ###...       7%          3    #......
 Petrify                  Tmut/Erth      ####....     12%         4    ###....
 Force Lance              Conj/Tloc      ###.....     22%         4    ###....
 Fulminant Prism          Conj/Hex       ###.......   22%         4    ###....


Dungeon Overview and Level Annotations

Branches:
Dungeon (11/15)            Temple (1/1) D:7            Lair (0/6) D:8
    Orc: D:9-12

Altars:
Ashenzari
Cheibriados
Gozag
Kikubaaqudgha
Nemelex Xobeh
Okawaru
Ru
Sif Muna
Uskayaw
Vehumet
Wu Jian
Xom
Yredelemnul
Zin
The Shining One

Shops:
D:4 *   D:5 [}[

Annotations:
D:3 3 runed doors, tuf08440's ghost, amateur DsGl
D:11 Fannar; Gastronok


Innate Abilities, Weirdness & Mutations

You are resistant to torment.
Your stone body is resilient. (AC +8)
You are immune to poison.
You resist negative energy. (rN+)
You are resistant to electric shocks. (rElec)
You can survive without breathing.
You are immune to petrification.
You are immune to rotting.


Message History

Gastronok bites you.
You hit Gastronok.
Gastronok is almost dead.
Gastronok bites you!!
* * * LOW HITPOINT WARNING * * *
Casting: Stone Arrow (safe; 1% risk of failure)
Confirm with . or Enter, or press ? or * to list all spells.
Aiming: Sandblast (safe; 1% risk of failure)
Press: ? - help, Shift-Dir - straight line, f/p - Gastronok
Aim: Gastronok, wearing a +2 hat of see invisible (almost dead, covering ground
Okay, then.
Casting: Sandblast (safe; 1% risk of failure)
Confirm with . or Enter, or press ? or * to list all spells.
Aiming: Stone Arrow (safe; 1% risk of failure)
Press: ? - help, Shift-Dir - straight line, f/p - Gastronok
Aim: Gastronok, wearing a +2 hat of see invisible (almost dead, covering ground The stone arrow hits Gastronok.
Gastronok is almost dead.
Gastronok bites you!!
You die...

#...#####....
#............
#...........#
#######...........#
#.........######..#
#.........# #..#
#.........# #..#
#[....)...# #..#
#.@w......######...
#.................(
#............######
#..........### #
#####......# #
#......# # #......#
#####..# ####


You could see Gastronok.

Vanquished Creatures
  A hydra (D:11)
  2 two-headed ogres
  Nergalle (D:11)
  Joseph (D:8)
  A gargoyle (D:11)
  A centaur zombie (D:11)
  A troll (D:10)
  5 wraiths
  A hungry ghost (D:10)
  2 wargs
  An ice beast (D:8)
  3 orc warriors
  A black bear (D:8)
  An eye of draining (D:8)
  2 phantoms
  A necrophage (D:8)
  5 ogres
  2 centaurs
  A big kobold (D:10)
  2 crocodiles
  An elf zombie (D:7)
  5 bullfrogs
  5 scorpions
  10 killer bees (D:10)
  5 wights (D:7)
  3 howler monkeys (D:9)
  5 crimson imps
  A bullfrog zombie (D:5)
  A hound (D:6)
  5 orc priests
  A jelly (D:9)
  2 bullfrog skeletons
  A human zombie (D:7)
  9 orc wizards
  Jessica (D:3)
  A centaur skeleton (D:7)
  Natasha (thrice) (D:3)
  4 iguanas
  5 worker ants
  A hound zombie (D:5)
  A hound skeleton (D:4)
  2 worker ant zombies
  A mummy (D:7)
  13 adders
  7 gnolls
  2 shadow imps (D:5)
  2 oozes
  2 adder skeletons
  3 worms
  2 dart slugs
  6 leopard geckos
  33 orcs
  3 ball pythons
  2 giant cockroaches
  7 goblins
  6 hobgoblins
  12 jackals
  11 kobolds
  10 quokkas
  8 bats
  8 frilled lizards
  A jackal skeleton (D:6)
  2 leopard gecko skeletons (D:4)
  A quokka skeleton (D:8)
  A quokka zombie (D:6)
  12 rats
262 creatures vanquished.

Notes
Turn   | Place    | Note
-------+----------+-------------------------------------------
     0 | D:1      | Cryolive the Gargoyle Earth Elementalist began the quest
                  | for the Orb.
     0 | D:1      | Reached XP level 1. HP: 10/10 MP: 3/3
   337 | D:1      | Reached XP level 2. HP: 15/15 MP: 5/5
   341 | D:1      | Reached skill level 4 in Earth Magic
  1005 | D:2      | Reached XP level 3. HP: 18/19 MP: 7/7
  1010 | D:2      | Learned a level 3 spell: Stone Arrow
  1525 | D:2      | Reached skill level 1 in Conjurations
  1543 | D:2      | Reached XP level 4. HP: 12/24 MP: 5/8
  1805 | D:3      | Noticed Jessica
  1819 | D:3      | Killed Jessica
  1868 | D:3      | Reached skill level 5 in Earth Magic
  1883 | D:3      | Reached XP level 5. HP: 28/28 MP: 0/10
  2029 | D:3      | Found an ancient bone altar of Kikubaaqudgha.
  2063 | D:3      | Noticed Natasha
  2068 | D:3      | Killed Natasha
  2221 | D:3      | Found an opulent altar of Gozag.
  2318 | D:3      | Reached XP level 6. HP: 32/32 MP: 11/11
  2326 | D:3      | Learned a level 5 spell: Lee's Rapid Deconstruction
  2359 | D:3      | Found a runed gate.
  2362 | D:3      | Found a runed gate.
  2363 | D:3      | Found a runed gate.
  2363 | D:3      | Noticed tuf08440's ghost (amateur DsGl)
  2596 | D:3      | Noticed Natasha
  2651 | D:3      | Killed Natasha
  2755 | D:3      | Noticed Natasha
  2777 | D:3      | Killed Natasha
  2982 | D:4      | Reached skill level 1 in Armour
  3027 | D:4      | Reached skill level 1 in Fighting
  3277 | D:4      | Reached XP level 7. HP: 22/38 MP: 3/13
  3401 | D:4      | Found Qysaxta's Assorted Antiques.
  3500 | D:5      | Entered Level 5 of the Dungeon
  3505 | D:5      | Found Fyseniop's Armour Emporium.
  3508 | D:5      | Found Kaunugotz's Gadget Shoppe.
  3515 | D:5      | Reached skill level 6 in Earth Magic
  3520 | D:5      | Found Hitz's Antique Armour Shop.
  4334 | D:5      | Reached XP level 8. HP: 42/45 MP: 14/14
  4708 | D:6      | Reached skill level 1 in Evocations
  5262 | D:7      | Found an ornate altar of the Wu Jian Council.
  5262 | D:7      | Found a shimmering altar of Xom.
  5266 | D:7      | Found Xutou's Assorted Antiques.
  5387 | D:7      | Found an iron altar of Okawaru.
  5413 | D:7      | Got a translucent hand axe
  5417 | D:7      | Identified the +3 hand axe of Change {chop, rElec rPois MR+
                  | Str+3} (You found it on level 7 of the Dungeon)
  5468 | D:7      | Found a staircase to the Ecumenical Temple.
  5539 | D:7      | Noticed a wraith
  5545 | D:7      | Killed a wraith
  5545 | D:7      | Reached skill level 7 in Earth Magic
  5565 | Temple   | Entered the Ecumenical Temple
  5586 | Temple   | Became a worshipper of Vehumet
  5653 | D:7      | Reached skill level 5 in Spellcasting
  5662 | D:7      | Reached XP level 9. HP: 41/52 MP: 9/16
  5749 | D:7      | Reached skill level 1 in Staves
  5840 | D:7      | Found a basalt altar of Yredelemnul.
  5938 | D:7      | Reached skill level 5 in Conjurations
  6420 | D:8      | Found a staircase to the Lair.
  6437 | D:8      | Noticed Joseph
  6448 | D:8      | Killed Joseph
  6622 | D:8      | Found a glowing golden altar of the Shining One.
  6923 | D:8      | Noticed a two-headed ogre
  6928 | D:8      | Killed a two-headed ogre
  6928 | D:8      | Reached skill level 5 in Fighting
  6928 | D:8      | Reached skill level 5 in Armour
  6928 | D:8      | Reached skill level 8 in Earth Magic
  6928 | D:8      | Reached XP level 10. HP: 57/59 MP: 6/18
  7727 | D:9      | Reached * piety under Vehumet
  7727 | D:9      | Offered knowledge of Sting by Vehumet.
  8529 | D:10     | Entered Level 10 of the Dungeon
  9714 | D:11     | Noticed a four-headed hydra
  9721 | D:10     | Reached ** piety under Vehumet
  9721 | D:10     | Offered knowledge of Throw Frost by Vehumet.
  9932 | D:11     | Noticed Fannar
  9944 | D:11     | Noticed Nergalle
 10305 | D:10     | Reached XP level 11. HP: 64/64 MP: 20/20
 10511 | D:11     | Reached skill level 5 in Dodging
 10511 | D:11     | Reached skill level 9 in Earth Magic
 10553 | D:11     | Noticed a two-headed ogre
 10563 | D:11     | Killed a two-headed ogre
 10812 | D:11     | Killed a four-headed hydra
 10812 | D:11     | Offered knowledge of Static Discharge by Vehumet.
 10937 | D:11     | Killed Nergalle
 10937 | D:11     | Reached skill level 5 in Evocations
 11323 | D:11     | Noticed Gastronok
 11508 | D:11     | Mangled by Gastronok

Vault maps used:
D:1:      dpeg_arrival_boxorama, chequers_garden, minmay_tromino_v4_a
D:3:      grunt_gozag_statues, kiku_gazebo_pond_becter, first_ration,
          gammafunk_ghost_split, minivault_26, kennysheep_generic_room_5,
          uniq_jessica, uniq_natasha
D:4:      serial_shops, shop
D:5:      serial_shops, nicolae_shop_competitors_out_of_business, shop, shop
D:7:      lemuel_mausoleum_altar_yredelemnul,
          chequers_temple_overflow_statue_of_worship, temple_doors_e,
          serial_shops, shop, okawaru_ov_weapons_minmay
D:8:      overflow_temple_1_default, lair_entry_dummy, uniq_joseph
D:11:     cheibrodos_frozen_isle, erik_orc_3, grunt_pizzeria, uniq_gastronok,
          uniq_nergalle, uniq_fannar
Temple:   eino_temple_rhombus

Skill      XL: |  1  2  3  4  5  6  7  8  9 10 11 |
---------------+----------------------------------+-----
Earth Magic    | 4 5 6 7 8 9 |  9.3
Conjurations   | 1 2 3 4 5 6 7 |  7.2
Spellcasting   | 3 4 5 6 |  6.7
Armour         | 1 2 3 5 6 |  6.0
Fighting       | 1 2 3 5 6 |  6.6
Dodging        | 2 3 4 5 |  5.2
Evocations     | 2 3 4 5 |  5.1
Staves         | 3 4 |  4.8
Stealth        | |  2.1
Transmutations | |  0.7

Action                   |  1- 3 |  4- 6 |  7- 9 | 10-12 || total
-------------------------+-------+-------+-------+-------++-------
Melee: Unarmed           |    32 |     4 |       |       ||    36
       Mace              |    42 |       |       |       ||    42
       Morningstar       |    51 |   193 |   282 |   375 ||   901
 Cast: Sandblast         |     7 |    16 |    22 |     6 ||    51
       Stone Arrow       |       |    11 |    69 |   115 ||   195
       Lee's Rapid Decon |       |       |       |    11 ||    11
  Use: Scroll            |       |       |     2 |     8 ||    10
       Potion            |       |       |       |     1 ||     1
 Stab: Sleeping          |     3 |     7 |     5 |     3 ||    18
  Eat: Chunk             |     2 |     7 |     8 |    15 ||    32
       Ration            |       |       |     2 |     2 ||     4
Armor: Robe              |    63 |   132 |   213 |   246 ||   654
       Skin              |       |     2 |       |       ||     2
Dodge: Dodged            |   166 |   180 |   254 |   483 ||  1083

Table legend:
 A = Non-vault XP
 B = Vault XP
 C = Vault XP percentage of total XP
 D = Non-vault monster count
 E = Vault monster count
 F = Vault count percentage of total count
                 A         B        C        D         E       F
            +---------+---------+-------+---------+---------+-------
      Total |   10209 |    3003 |  22.7 |     234 |      28 |  10.7
            +---------+---------+-------+---------+---------+-------
        D:1 |       9 |       8 |  47.1 |       6 |       4 |  40.0
        D:2 |      69 |       0 |   0.0 |      27 |       0 |   0.0
        D:3 |     267 |      79 |  22.8 |      38 |       5 |  11.6
        D:4 |     227 |       0 |   0.0 |      16 |       0 |   0.0
        D:5 |     610 |       0 |   0.0 |      27 |       0 |   0.0
        D:6 |     660 |       0 |   0.0 |      17 |       0 |   0.0
        D:7 |     275 |    1281 |  82.3 |       6 |      12 |  66.7
        D:8 |    1904 |     466 |  19.7 |      20 |       1 |   4.8
        D:9 |     959 |       0 |   0.0 |      26 |       0 |   0.0
       D:10 |    2013 |     165 |   7.6 |      34 |       3 |   8.1
       D:11 |    3216 |    1004 |  23.8 |      17 |       3 |  15.0
            +---------+---------+-------+---------+---------+-------
